Map: Echo LE (Void)

Players

HuK - Winner!

  • Race: Protoss Protoss

Wintersc2 (Winter)

  • Race: Protoss Protoss

VOD

Have the link to the VOD?

Description

Time

  • Played on: April 9, 2015, 11:53 p.m.
  • Length: 6:00
Show
View Real Time Build Order
Export as new Build Order

HuK Protoss - Winner!

Build Orders:  

Get SALT Encoding   

  12  0:16  Probe, Assimilator  
  13  0:28  Probe  
  14  0:48  Pylon  
  14  1:07  Probe  
  14  1:08  Gateway  
  14  1:09  Gateway  
  15  1:19  Probe  
  16  1:31  Probe  
  17  1:43  Probe  
  18  1:56  Cybernetics Core  
  18  1:57  Zealot x2 (Chrono Boost)  
  18  2:00  Pylon  
  22  2:18  Probe  
  22  2:19  Zealot x2 (Chrono Boost)  
  26  2:39  Stalker (Chrono Boost)  
  26  2:43  Warp Gate (Chrono Boost)  
  28  2:46  Stalker (Chrono Boost)  
  28  2:50  Probe  
  27  2:58  Gateway  
  27  2:59  Pylon  
  27  3:02  Stalker  
  29  3:16  Stalker  
  31  3:34  Stalker  
  29  3:37  Gateway  
  29  3:39  Pylon  
  27  4:07  Stalker x2 (Chrono Boost)  
  31  4:42  Stalker  
  31  4:43  Stalker x3  
  35  4:49  Probe  
  36  5:11  Zealot x4  
  31  5:37  Stalker  
  31  5:38  Stalker x3  
Show
View Real Time Build Order
Export as new Build Order

Wintersc2 Protoss 

Build Orders:  

Get SALT Encoding   

  12  0:01  Probe  
  13  0:13  Pylon  
  13  0:17  Probe  
  14  0:31  Probe (Chrono Boost)  
  14  0:33  Gateway  
  16  0:43  Probe (Chrono Boost), Assimilator  
  17  0:50  Probe (Chrono Boost)  
  17  1:11  Probe  
  18  1:21  Cybernetics Core  
  18  1:23  Probe  
  19  1:26  Zealot  
  19  1:27  Gateway  
  21  1:39  Gateway  
  22  1:44  Pylon  
  21  2:02  Adept  
  21  2:03  Mothership Core (Chrono Boost)  
  21  2:05  Pylon  
  25  2:15  Adept  
  27  2:21  Probe  
  28  2:29  Adept  
  28  2:41  Probe  
  29  2:48  Warp Gate (Chrono Boost)  
  29  2:58  Stalker  
  29  2:59  Zealot  
  29  3:09  Probe  
  29  3:12  Gateway, Zealot  
  34  3:27  Probe  
  35  3:39  Probe  
  38  3:56  Probe  
  37  4:08  Probe  
  36  4:12  Pylon  
  36  4:15  Pylon  
  32  4:29  Stalker x3  
  34  4:41  Probe  
  34  4:45  Pylon  
  35  4:50  Stalker x2, Pylon  
  32  5:10  Pylon  
  32  5:11  Zealot  
  27  5:25  Stalker  
  25  5:34  Zealot x3  
  25  5:36  Probe  
  25  5:51  Zealot  
Tags
 
Matchup
PvP
Player
HuKWinter
Replay Pack
winter
Add a new tag
Caveats
  • Supply blocks, unpowered buildings, or Contaminate may cause inaccurate times.
  • Supply counts are checked every 10 seconds.